AoeStats
← AdemaroK

Black Forest

507141474Analyzed
2v2 RM · 16d ago on Sep 16, 2026· 51m 23s· 4 players
Game mode
Random Map
Map size
Medium (4 player)
Population
200
Speed
Normal
Resources
Standard
Victory
Conquest
Starting age
Dark Age
Ending age
Imperial Age
RankedLock teamsTeams togetherTeam positionsShared explorationLock speedFull tech treeHidden civsTurbo modeCheats
Victory
Defeat
🇫🇷 Tatars · France
699
+11
🇨🇦 Celts · Canada
384
+25
🇬🇧 Turks · United Kingdom
588
-18
🇬🇧 Poles · United Kingdom
573
-18
Xav314
4:26 Loom
5:45 Loom
13:29 Feudal Age
19:54 Castle Age
26:36 Wheelbarrow
27:22 Double-Bit Axe
29:55 Horse Collar
30:28 Bow Saw
30:32 Fletching
30:45 Padded Archer Armor
32:00 Caravan
32:01 Fishing Lines
32:30 Heavy Plow
36:37 Imperial Age
34:27 Stone Mining
34:39 Gillnets
35:21 Hand Cart
35:59 Treadmill Crane
36:30 Fortified Wall
36:40 Ballistics
36:33 Masonry
36:18 Murder Holes
38:40 Chemistry
37:52 Forging
37:43 Scale Mail Armor
37:48 Scale Barding Armor
37:39 Bodkin Arrow
37:59 Leather Archer Armor
38:25 Crop Rotation
38:44 Siege Engineers
39:16 Iron Casting
39:12 Conscription
39:39 Gold Mining
39:55 Squires
39:16 Pikeman
39:41 Arson
39:20 Elite Keshik
40:10 Timurid Siegecraft
40:16 Bloodlines
40:09 Husbandry
39:34 Capped Ram
40:31 Siege Ram
41:02 Elite Skirmisher
41:38 Heavy Cavalry Archer
42:52 Chain Barding Armor
42:38 Onager
44:25 Gold Shaft Mining
45:29 Blast Furnace
45:12 Plate Barding Armor
44:51 Bracer
49:31 Ring Archer Armor
Chaosjut
0:27 Loom
14:50 Feudal Age
16:07 Wheelbarrow
16:23 Horse Collar
16:34 Double-Bit Axe
25:59 Castle Age
28:16 Heavy Plow
28:31 Bow Saw
28:13 Gold Mining
28:31 Stone Mining
29:54 Fortified Wall
29:37 Treadmill Crane
30:30 Hand Cart
31:17 Gold Shaft Mining
31:26 Stone Shaft Mining
31:18 Caravan
32:11 Coinage
35:14 Masonry
35:17 Fletching
35:28 Padded Archer Armor
35:52 Forging
35:42 Scale Mail Armor
36:07 Guard Tower
36:39 Ballistics
36:16 Murder Holes
37:57 Bodkin Arrow
38:26 Leather Archer Armor
39:32 Iron Casting
39:12 Chain Mail Armor
39:11 Heated Shot
43:56 Imperial Age
43:26 Man-at-Arms
43:52 Gambesons
43:53 Arson
43:28 Pikeman
45:39 Siege Engineers
46:36 Chemistry
46:16 Keep
45:28 Arrowslits
46:48 Blast Furnace
46:19 Plate Mail Armor
46:22 Ring Archer Armor
45:21 Long Swordsman
46:11 Elite Skirmisher
46:15 Two-Handed Swordsman
46:32 Halberdier
47:54 Conscription
48:17 Furor Celtica
48:12 Champion
49:10 Crossbowman
51:03 Banking
50:44 Guilds
50:44 Siege Engineers
51:14 Capped Ram
Jack
13:19 Feudal Age
17:48 Double-Bit Axe
20:40 Horse Collar
23:57 Castle Age
23:04 Fletching
27:00 Ballistics
28:30 Bow Saw
30:29 Stone Mining
32:15 Padded Archer Armor
40:22 Imperial Age
39:10 Heavy Plow
44:25 Thumb Ring
44:59 Bodkin Arrow
AdemaroK
7:05 Loom
12:04 Feudal Age
13:46 Double-Bit Axe
15:19 Wheelbarrow
27:09 Castle Age
25:47 Horse Collar
29:28 Hand Cart
30:00 Town Watch
30:19 Stone Mining
30:02 Light Cavalry
30:43 Husbandry
30:53 Bloodlines
31:36 Bow Saw
31:21 Gold Mining
32:08 Stone Shaft Mining
33:13 Caravan
34:16 Forging
34:11 Scale Barding Armor
36:08 Town Patrol
42:43 Imperial Age
40:00 Elite Skirmisher
40:47 Thumb Ring
40:34 Fletching
44:11 Lechitic Legacy
46:27 Pikeman
50:55 Coinage
Connection lost

Rejoining the realm…

Still unreachable

The connection could not be restored.

Session expired

The server has moved on; the page needs a fresh start.